 Dungeon Crawl Stone Soup version 0.29.1-13-g9f3cf754e1 (webtiles) character file.

Game seed: 13292363436881750269

7517 cheesebisquit the Skirmisher (level 10, -6/91 HPs)
             Began as a Minotaur Hunter on Jan 23, 2023.
             Was an Elder of Okawaru.
             Mangled by a wyvern (7 damage)
             ... while petrified by a basilisk
             ... on level 10 of the Dungeon.
             The game lasted 00:38:46 (10750 turns).

cheesebisquit the Skirmisher (Minotaur Hunter)     Turns: 10750, Time: 00:38:46

Health: -6/91      AC: 13    Str: 19    XL:     10   Next: 95%
Magic:  11/11      EV:  2    Int:  6    God:    Okawaru [****..]
Gold:   543        SH:  0    Dex: 19    Spells: 9/9 levels left

rFire   . . .      SeeInvis .   n - +8 sling "Xupreclu" {vorpal, rElec rN+ Dex+4}
rCold   . . .      Faith    .   (no shield)
rNeg    + + +      Spirit   .   J - +4 scale mail
rPois   ∞          Reflect  +   (helmet restricted)
rElec   +          Harm     .   u - +0 cloak
rCorr   .          Rampage  .   E - +0 pair of gloves
Will    .....                   (no boots)
Stlth   +.........              L - amulet of reflection
HPRegen 0.25/turn               K - +4 ring of slaying
MPRegen 0.12/turn               (no ring)

@: petrified
A: horns 2, retaliatory headbutt
a: Renounce Religion, Heroism, Finesse


You were on level 10 of the Dungeon.
You worshipped Okawaru.
Okawaru was greatly pleased with you.
You visited 2 branches of the dungeon, and saw 11 of its levels.
You also visited: Sewer.

You collected 543 gold pieces.

Inventory:

Hand Weapons
 a - a +0 shortbow
 n - the +8 sling "Xupreclu" (weapon) {vorpal, rElec rN+ Dex+4}
   (You found it on level 3 of the Dungeon)

   Any ammunition fired from it inflicts extra damage upon your enemies.
   Dex:       It affects your dexterity (+4).
   rElec:     It insulates you from electricity.
   rN:        It protects you from negative energy.
Armour
 p - +0 steam dragon scales
 u - a +0 cloak (worn)
 A - a +2 chain mail of willpower
 E - a +0 pair of gloves (worn)
 J - a +4 scale mail (worn)
Jewellery
 K - a +4 ring of slaying (left hand)
 L - an amulet of reflection (around neck)
Wands
 c - a wand of mindburst (1)
 l - a wand of roots (18)
 w - a wand of flame (48)
 C - a wand of quicksilver (9)
 D - a wand of paralysis (6)
Scrolls
 b - 4 scrolls of immolation
 d - 2 scrolls of poison
 e - 4 scrolls of fear
 f - a scroll of silence {unknown}
 g - 5 scrolls of teleportation
 m - 2 scrolls of amnesia
 s - a scroll of enchant armour {unknown}
 x - a scroll of blinking
 y - a scroll of enchant weapon {unknown}
 B - a scroll of torment {unknown}
 G - a scroll of vulnerability {unknown}
Potions
 h - a potion of invisibility
 i - a potion of haste
 j - 3 potions of flight
 k - 3 potions of heal wounds
 o - a potion of curing
 q - a potion of lignification {unknown}
 r - 2 potions of attraction
 t - 2 potions of might
 z - 2 potions of mutation {unknown}
 F - 3 potions of brilliance
 H - a potion of cancellation {unknown}
 I - a potion of magic {unknown}


   Skills:
 + Level 9.5 Fighting
 * Level 12.7 Ranged Weapons
 - Level 5.1 Armour
 + Level 8.8 Dodging
 - Level 3.0 Stealth
 + Level 3.5 Invocations


You had 9 spell levels left.
You didn't know any spells.
Your spell library contained the following spells:

 Spells                   Type           Power      Damage    Failure   Level
 Foxfire                  Conj/Fire      0%         2x1d4     80%         1
 Conjure Flame            Conj/Fire      0%         6-21      99%         3
 Inner Flame              Hex/Fire       0%         N/A       99%         3
 Flame Wave               Conj/Fire      0%         2d4       100%        4
 Animate Dead             Necr           Unusable   N/A       N/A         4
 Haunt                    Necr/Summ      Unusable   N/A       N/A         7
 Infestation              Necr           Unusable   N/A       N/A         8

Dungeon Overview and Level Annotations

Branches:
Dungeon (10/15)            Temple (1/1) D:5            Lair (0/5) D:10
  Sewer (visited)
    Orc: D:9-12

Altars:
Ashenzari
Cheibriados
Dithmenos
Fedhas
Gozag
Hepliaklqana
Kikubaaqudgha
Makhleb
Nemelex Xobeh
Okawaru
Qazlal
Ru
Sif Muna
Trog
Uskayaw
Vehumet
Wu Jian
Xom
Yredelemnul
Zin
The Shining One

Shops:
D:6 (   D:7 :   D:9 *


Innate Abilities, Weirdness & Mutations

You have a pair of horns on your head.
You reflexively headbutt those who attack you in melee.


Message History

The killer bee stings you.
The killer bee stings you but does no damage.
The vampire mosquito bites you.
The wyvern bites you but does no damage.
The killer bee stings you but does no damage. x2
The yak gores you! The yak gores you but does no damage.
The vampire mosquito bites you but does no damage.
The killer bee stings you. x2
* * * LOW HITPOINT WARNING * * *
The vampire mosquito bites you.
* * * LOW HITPOINT WARNING * * *
The wyvern bites you but does no damage.
The killer bee stings you but does no damage. x2
The yak gores you!
* * * LOW HITPOINT WARNING * * *
The yak gores you but does no damage. The vampire mosquito bites you!
* * * LOW HITPOINT WARNING * * *
The wyvern bites you but does no damage.
The killer bee stings you.
* * * LOW HITPOINT WARNING * * *
The killer bee stings you!
* * * LOW HITPOINT WARNING * * *
The vampire mosquito bites you but does no damage.
The wyvern bites you.
* * * LOW HITPOINT WARNING * * *
The killer bee stings you.
* * * LOW HITPOINT WARNING * * *
The killer bee barely misses you.
A wraith comes into view.
The yak gores you!
* * * LOW HITPOINT WARNING * * *
The yak gores you but does no damage. The vampire mosquito bites you.
* * * LOW HITPOINT WARNING * * *
The killer bee stings you.
* * * LOW HITPOINT WARNING * * *
The killer bee stings you but does no damage.
The wyvern bites you!
You die...

#.### ..... #....
..... .....## ......
P......##......
.......P#......
.....P.........
..P....yyP......
..WPPP.Yl@PP.....
..P.Y....YyY.#....
.....P>.....PP+ .
####Y.l.....PY.P..P#
..<.Y.P...♣P.P.....#
...YY........P..♣.<#
...........P..P.PP##
........P.......P..
.......... ♣.y....


You could see 5 yaks, a wraith, a wyvern, a vampire mosquito and 2 killer bees.

Vanquished Creatures
  A two-headed ogre (D:8)
  2 trolls
  A slime creature (D:8)
  Sigmund (D:5)
  A wyvern (D:10)
  5 yaks (D:9)
  4 steam dragons
  Grum (D:9)
  A basilisk (D:10)
  2 vampire mosquitoes (D:10)
  Edmund (D:5)
  6 water moccasins
  2 black bears (D:7)
  A sky beast (D:7)
  An ogre (D:6)
  4 wolves (D:9)
  2 phantoms (D:4)
  5 bullfrogs
  A gnoll sergeant (D:6)
  5 scorpions
  8 wights
  10 killer bees
  An electric eel (D:7)
  4 howler monkeys
  6 hounds
  2 jellies
  4 orc priests
  A gnoll bouda (D:5)
  2 iguanas (D:5)
  4 orc wizards
  A statue (D:8)
  14 gnolls
  10 adders
  5 river rats (Sewer)
  2 shadow imps (D:6)
  A white imp (D:6)
  4 ufetubi
  2 dart slugs
  27 orcs
  16 endoplasms
  3 giant cockroaches
  12 goblins
  3 hobgoblins
  7 quokkas
  10 ball pythons
  10 bats
  12 frilled lizards
  11 kobolds
  5 rats
244 creatures vanquished.

Vanquished Creatures (others)
  A scorpion (D:6)
  3 fungi (D:8)
  8 plants
  8 toadstools (D:8)
20 creatures vanquished.

Grand Total: 264 creatures vanquished

Notes
Turn   | Place    | Note
-------+----------+-------------------------------------------
     0 | D:1      | cheesebisquit the Minotaur Hunter began the quest for the
                  | Orb.
     0 | D:1      | Reached XP level 1. HP: 18/18 MP: 0/0
    66 | D:1      | Reached skill level 1 in Stealth
    66 | D:1      | Reached XP level 2. HP: 1/25 MP: 1/1
   390 | D:1      | Found a faded altar of an unknown god.
   608 | D:1      | Reached XP level 3. HP: 27/30 MP: 2/2
  1028 | D:1      | Reached skill level 1 in Armour
  1687 | D:2      | Reached skill level 5 in Ranged Weapons
  1687 | D:2      | Reached XP level 4. HP: 27/38 MP: 3/3
  2336 | D:3      | Identified the +8 sling "Xupreclu" {vorpal, rElec rN+
                  | Dex+4}
  2750 | D:4      | Noticed a scorpion
  2750 | D:4      | Noticed a phantom
  2750 | D:4      | Noticed a phantom
  2811 | D:4      | Reached XP level 5. HP: 37/45 MP: 4/4
  2815 | D:4      | Found a glowing drain.
  2824 | Sewer    | Entered a sewer
  3183 | D:4      | Reached XP level 6. HP: 52/52 MP: 5/5
  3190 | D:4      | Reached skill level 6 in Ranged Weapons
  3225 | D:4      | You fall into a shaft and drop 3 floors!
  3430 | D:6      | Reached XP level 7. HP: 58/59 MP: 6/6
  4206 | D:6      | Reached skill level 7 in Ranged Weapons
  4211 | D:6      | Found an ornate altar of the Wu Jian Council.
  4607 | D:5      | Entered Level 5 of the Dungeon
  4955 | D:5      | Reached skill level 5 in Fighting
  5613 | D:4      | Reached XP level 8. HP: 68/68 MP: 7/7
  5869 | D:4      | Found a hazy altar of Hepliaklqana.
  5877 | D:4      | Reached skill level 5 in Dodging
  5889 | D:4      | Reached skill level 8 in Ranged Weapons
  6398 | D:5      | Found a glowing golden altar of the Shining One.
  6560 | D:5      | Found a staircase to the Ecumenical Temple.
  6570 | Temple   | Entered the Ecumenical Temple
  6703 | Temple   | Became a worshipper of Warmaster Okawaru
  6919 | D:5      | Noticed Sigmund
  6928 | D:5      | Killed Sigmund
  6941 | D:5      | Noticed Edmund
  6946 | D:5      | Killed Edmund
  6947 | D:5      | Reached skill level 9 in Ranged Weapons
  7127 | D:6      | Found Xoycueck's Weapon Emporium.
  7177 | D:6      | Reached * piety under Okawaru
  7187 | D:6      | Reached XP level 9. HP: 11/78 MP: 8/8
  7728 | D:7      | Found Qaomiabe's Book Emporium.
  7898 | D:7      | Reached skill level 10 in Ranged Weapons
  8326 | D:8      | Noticed a two-headed ogre
  8338 | D:8      | Killed a two-headed ogre
  8338 | D:8      | Reached ** piety under Okawaru
  8339 | D:8      | Reached skill level 11 in Ranged Weapons
  8613 | D:8      | Found a radiant altar of Vehumet.
  8802 | D:8      | Found a sparkling altar of Nemelex Xobeh.
  8878 | D:8      | Reached XP level 10. HP: 90/90 MP: 9/9
  8970 | D:8      | Identified the +4 robe of Quasev {-Tele Dex+6}
  9120 | D:9      | Reached *** piety under Okawaru
  9121 | D:9      | Noticed Grum
  9130 | D:9      | Reached skill level 1 in Invocations
  9133 | D:9      | Killed Grum
  9610 | D:9      | Found Gohoazimo's Lightly-Used Armoury.
  9770 | D:9      | Reached skill level 12 in Ranged Weapons
 10165 | D:9      | Reached **** piety under Okawaru
 10175 | D:9      | Reached skill level 5 in Armour
 10450 | D:10     | Entered Level 10 of the Dungeon
 10725 | D:10     | Found a staircase to the Lair.
 10735 | D:10     | Received a gift from Okawaru
 10749 | D:10     | HP: 4/91 [yak (4)]
 10750 | D:10     | HP: 1/91 [killer bee (1)]
 10750 | D:10     | Mangled by a wyvern

Illustrated notes

Levels and vault maps discovered:
D:1:      dpeg_arrival_boxes_within_box, layout_loops_ring,
          ebering_ecumenical_altar_box, roderic_serpentine_path
D:2:      layout_loops_ring, kennysheep_generic_room_9
D:3:      layout_rooms
D:4:      layout_loops_ring, mainiacjoe_overflow_catwalk, portal_sewer_entry_d
D:5:      layout_rooms, amcnicky_altar_gilded, temple_hall,
          nrook_mini_backslash, minmay_misc_feat_plants, nrook_campfire,
          sigmund_edmund_badplayer
D:6:      layout_cave_pools, pdpol_wu_jian_five_deadly_venoms, serial_shops,
          shop, corexii_shack, kennysheep_generic_room_8
D:7:      layout_basic, nicolae_inconvenience_store, nrook_loot_triangle
D:8:      cheibrodos_fertilizer, layout_cave_pools,
          nicolae_overflow_hidden_temple, vehumet_statue, uniq_psyche
D:9:      layout_grid_maze, minmay_shop_damaged, uniq_grum
D:10:     layout_irregular_city, elyvilon_altar_5, minmay_lair_entry_grove,
          orc_0_dummy, serial_undead, serial_undead_b, serial_undead_c,
          serial_undead_e, serial_undead_f, serial_undead_f,
          kennysheep_generic_room_13
Temple:   kb_temple_of_zot

Skill      XL: |  1  2  3  4  5  6  7  8  9 10 |
---------------+-------------------------------+-----
Stealth        | 1 2 3 |  3.0
Fighting       | 3 4 5 6 8 9 |  9.5
Armour         | 1 2 3 5 |  5.1
Ranged Weapons | 5 6 7 9 11 12 | 12.7
Dodging        | 3 4 6 7 8 |  8.8
Invocations    | 3 |  3.5

Action                   |  1- 3 |  4- 6 |  7- 9 | 10-12 || total
-------------------------+-------+-------+-------+-------++-------
 Fire: Shortbow          |    96 |    38 |       |       ||   134
       Sling             |       |    87 |   275 |   127 ||   489
Invok: Heroism           |       |       |     2 |     4 ||     6
  Use: Scroll            |       |     3 |     8 |     5 ||    16
       Potion            |       |       |     2 |     2 ||     4
Armor: Leather armour    |     7 |     9 |    21 |       ||    37
       Scale mail        |       |       |     1 |    89 ||    90
Dodge: Dodged            |    25 |    28 |    70 |   103 ||   226
Block: Other             |       |       |     1 |    35 ||    36
       Reflection        |       |       |       |     1 ||     1
